 Dungeon Crawl Stone Soup version 0.30.0-19-g36f170ea60 (webtiles) character file.

Game seed: 10441554611224386721

7 hawla the Gusty (level 2, -2/20 HPs)
             Began as a Meteoran Air Elementalist on May 29, 2023.
             Was a Follower of Dithmenos.
             Slain by an orc
             ... wielding a +0 mace
              (7 damage)
             ... on level 2 of the Dungeon.
             The game lasted 00:02:12 (307 turns).

hawla the Gusty (Meteoran Air Elementalist)          Turns: 307, Time: 00:02:13

Health: -2/20      AC:  3    Str:  9    XL:     2   Next: 23%
Magic:  2/6        EV: 12    Int: 16    God:    Dithmenos [*.....]
Gold:   38         SH:  0    Dex: 14    Spells: 3/6 levels left

rFire   . . .        (no weapon)
rCold   . . .        (no shield)
rNeg    . . .        a - +0 robe
rPois   .            (no helmet)
rElec   .            (no cloak)
rCorr   .            c - +0 pair of gloves
SInv    .            (no boots)
Will    .....        (no amulet)
Stlth   +            (no ring)
HPRegen 0.23/turn    (no ring)
MPRegen 0.10/turn

%: no passive effects
@: glowing
A: sense surroundings 1, otherworldly, glowing, explore regen
a: Renounce Religion


You were on level 2 of the Dungeon.
You worshipped Dithmenos.
Dithmenos was aware of your devotion.
You visited 1 branch of the dungeon, and saw 2 of its levels.

You collected 38 gold pieces.

Inventory:

Armour
 a - a +0 robe (worn)
 c - a +0 pair of gloves (worn)
Scrolls
 d - a scroll of teleportation
 h - a scroll of enchant armour {unknown}
 i - a scroll of identify {unknown}
Potions
 b - a potion of magic
 e - a potion of degeneration {unknown}
 f - a potion of might {unknown}
 g - a potion of berserk rage {unknown}


   Skills:
 + Level 2.6 Dodging
 + Level 1.4 Stealth
 + Level 2.9 Spellcasting
 + Level 1.2 Conjurations
 + Level 4.0 Air Magic


You had 3 spell levels left.
You knew the following spells:

 Your Spells              Type           Power      Damage    Failure   Level
a - Shock                 Conj/Air       40%        1d5       6%          1
b - Static Discharge      Conj/Air       20%        2-3/arc   10%         2

Your spell library contained the following spells:

 Spells                   Type           Power      Damage    Failure   Level
 Swiftness                Air            15%        N/A       11%         3
 Summon Small Mammal      Summ           8%         N/A       19%         1
 Call Canine Familiar     Summ           2%         N/A       50%         3
 Summon Guardian Golem    Hex/Summ       2%         N/A       50%         3
 Airstrike                Air            7%         2d(2-18)  36%         4


Dungeon Overview and Level Annotations

Branches:
Dungeon (2/15) Zot: 892

Altars:
Dithmenos


Innate Abilities, Weirdness & Mutations

You passively map a small area around you.
You are easily found by Zot.
You glow in the dark.
You regain HP and MP as you explore.


Message History

As you read the scroll labelled TUED COEKARO, it crumbles to dust.
You feel strangely unstable.
It was a scroll of teleportation.
Your surroundings suddenly seem different.
An orc priest and 4 orcs come into view.
An orc is wielding a +0 vampiric whip.
Found a pair of boots.
Found a stone staircase leading down.
The orc priest shouts!
The orc shouts! x4
The orc throws a boomerang.
The boomerang closely misses you.
Unknown command.
Found 20 gold pieces.
The orc hits you with a +0 short sword. The orc hits you with a +0 dagger.
Casting: Shock (safe; 6% risk of failure)
Confirm with . or Enter, or press ? or * to list all spells.
The orc is struck by an arc of lightning.
The orc is moderately wounded.
You are struck by an arc of lightning.
The lightning grounds out.
The orc is struck by an arc of lightning.
The orc is heavily wounded.
The orc is struck by an arc of lightning.
The orc is heavily wounded.
You are struck by an arc of lightning.
The lightning grounds out.
The orc closely misses you. The orc barely misses you.
Unknown command.
Casting: Static Discharge (safe; 10% risk of failure)
Confirm with . or Enter, or press ? or * to list all spells.
The orc is struck by an arc of lightning.
You kill the orc!
Dithmenos accepts your kill.
You are struck by an arc of lightning.
The orc is struck by an arc of lightning.
The orc is moderately wounded.
The lightning grounds out.
The orc is struck by an arc of lightning.
The orc is almost dead.
You are struck by an arc of lightning.
The lightning grounds out.
The orc misses you.
The orc hits you with a +0 vampiric whip.
* * * LOW HITPOINT WARNING * * *
The orc hits you with a +0 mace!
You die...

, ** ,
*##$⌠$## , *
##.....##, , *
, *
*,#.......# ,
, , #.......#
#.......# * *
#....o..#, ,
#...o.o.# , ,,
* #...o@).#
,.# , *
.#.......#..>#
#............#
#####.[......#
##########


You could see an orc priest and 3 orcs.

Vanquished Creatures
  An orc (D:2)
  A giant cockroach (D:1)
  A goblin (D:1)
  A quokka (D:1)
  4 ball pythons (D:1)
8 creatures vanquished.

Notes
Turn   | Place    | Note
-------+----------+-------------------------------------------
     0 | D:1      | hawla the Meteoran Air Elementalist began the quest for the
                  | Orb.
     0 | D:1      | Reached XP level 1. HP: 14/14 MP: 5/5
    61 | D:1      | Found a faded altar of an unknown god.
    95 | D:1      | Reached XP level 2. HP: 19/20 MP: 0/6
   101 | D:1      | Learned a level 2 spell: Static Discharge
   118 | D:1      | Prayed at the altar of an unknown god.
   118 | D:1      | Became a worshipper of Dithmenos the Shadowed
   118 | D:1      | Reached * piety under Dithmenos
   197 | D:1      | Reached skill level 4 in Air Magic
   307 | D:2      | Slain by an orc

Illustrated notes

Levels and vault maps discovered:
D:1:      tarquinn_simple_flora_water_e, layout_basic, basic_ecumenical_altar,
          hex_tiny, minmay_hexomino_r4
D:2:      cheibrodos_pilgrimage, layout_basic, basic_altar, serial_corexii_hall,
          corexii_hall_statues_i, corexii_hall_statues_deadend

Skill      XL: |  1  2 |
---------------+-------+-----
Air Magic      | 4 |  4.0
Dodging        | |  2.6
Stealth        | |  1.4
Spellcasting   | |  2.9
Conjurations   | |  1.2

Action                     || total
---------------------------++-------
  Melee: Unarmed           ||    26
   Cast: Shock             ||    20
         Static Discharge  ||     2
    Use: Scroll            ||     1
 Armour: Robe              ||    11
  Dodge: Dodged            ||    24
